 Dungeon Crawl Stone Soup version 0.27.1-1-g398f81649c (webtiles) character file.

Game seed: 17797637410020100518

51 speeev33 the Skirmisher (level 3, 0/33 HPs)
             Began as a Hill Orc Fighter on Sept 17, 2021.
             Killed from afar by an orc wizard (7 damage)
             ... with a magic dart
             ... on level 3 of the Dungeon.
             The game lasted 00:02:22 (1848 turns).

speeev33 the Skirmisher (Hill Orc Fighter)          Turns: 1848, Time: 00:02:24

Health: 0/33       AC:  7    Str: 19    XL:     3   Next: 83%
Magic:  3/3        EV:  7    Int:  8    God:
Gold:   94         SH:  9    Dex: 10    Spells: 2/2 levels left

rFire    . . .     SeeInvis .   a - +0 war axe
rCold    + . .     Faith    .   c - +0 kite shield
rNeg     . . .     Spirit   .   b - +0 scale mail
rPois    .         Reflect  .   (no helmet)
rElec    .         Harm     .   (no cloak)
rCorr    .         Rampage  .   (no gloves)
Will     .....                  (no boots)
Stlth    ..........             (no amulet)
HPRegen  0.11/turn              j - ring of protection from cold
MPRegen  0.08/turn              (no ring)

@: no status effects
A: no striking features
a: no special abilities


You were on level 3 of the Dungeon.
You visited 1 branch of the dungeon, and saw 3 of its levels.

You collected 94 gold pieces.

Inventory:

Hand Weapons
 a - a +0 war axe (weapon)
Armour
 b - a +0 scale mail (worn)
 c - a +0 kite shield (worn)
Jewellery
 f - a ring of fire
 j - a ring of protection from cold (left hand)
Potions
 d - a potion of might
 e - 2 potions of heal wounds
 g - a potion of brilliance {unknown}
 h - a potion of curing {unknown}


   Skills:
 + Level 4.2 Fighting
 + Level 3.5 Axes
 + Level 3.7 Armour
 + Level 3.9 Shields


You had 2 spell levels left.
You didn't know any spells.
Your spell library contained the following spells:

 Spells                   Type           Power      Damage    Failure   Level
 Pain                     Necr           0%         1d4       99%         1


Dungeon Overview and Level Annotations

Branches:
Dungeon (3/15)

Altars:
Kikubaaqudgha
Zin


Message History

The magic dart hits you.
You barely miss the orc wizard. You miss something.
Something hits you but does no damage. The orc wizard completely misses you.
Something hits you but does no damage.
You hit the orc wizard.
The orc wizard is moderately wounded.
You hit something but do no damage.
An orc wizard appears from thin air!
Reactivating autopickup.
The orc wizard hits you with a +0 dagger.
* * * LOW HITPOINT WARNING * * *
The orc wizard hits you but does no damage. x2
An orc comes into view. It is wielding a +0 hand axe.
The orc wizard mumbles some strange words.
The orc wizard flickers and vanishes!
Deactivating autopickup; reactivate with Ctrl-A.
Your shield prevents you from hitting the orc wizard.
The orc wizard is moderately wounded.
You hit something.
The orc wizard hits you but does no damage.
You block something's attack.
You hit the orc wizard.
The orc wizard is moderately wounded.
You miss something. You block the orc wizard's attack.
You block something's attack. You block the orc wizard's attack.
Something hits you but does no damage.
You closely miss the orc wizard.
The orc wizard is moderately wounded.
You hit something but do no damage. The orc wizard casts a spell at you.
The magic dart hits you but does no damage.
Something hits you.
* * * LOW HITPOINT WARNING * * *
You block the orc wizard's attack.
You slash the orc wizard!
You kill the orc wizard!
You hit something.
You hear some strange, mumbled words.
A magic dart appears from out of thin air!
The magic dart hits you!
You die...

#.#.#.#.#.####.#
#.#.#.#.#.#....#
#.#.#.#.#.#.####
#.#.#.#.#.#.#
#.#.#.#.#.#.########
#.#<#.#>............
#...#...#.##########
###.#.#........
#.#.#@#.###...
#.###.#.#{)....?.........
#
#.....#.#o#.###.......#.#
#.#####.#.#.#.#
.......#.#
#......)#.#.#.#
.......#.#
#.....#)#.#.#.# ......#.#
............#.# .......##
.##########.#.#
######..... ......#.))#
........)..


You could see an orc.

Vanquished Creatures
  An orc wizard (D:3)
  An adder (D:2)
  A worm (D:2)
  4 orcs (D:3)
  4 ball pythons
  3 endoplasms
  A giant cockroach (D:2)
  4 goblins
  2 quokkas (D:2)
  4 bats
  A frilled lizard (D:1)
  5 kobolds
  5 rats
36 creatures vanquished.

Vanquished Creatures (others)
  3 fungi (D:2)
  3 plants (D:2)
6 creatures vanquished.

Grand Total: 42 creatures vanquished

Notes
Turn   | Place    | Note
-------+----------+-------------------------------------------
     0 | D:1      | speeev33 the Hill Orc Fighter began the quest for the Orb.
     0 | D:1      | Reached XP level 1. HP: 19/19 MP: 1/1
   620 | D:1      | Reached XP level 2. HP: 27/27 MP: 2/2
   949 | D:2      | Reached skill level 4 in Fighting
   949 | D:2      | Reached XP level 3. HP: 33/33 MP: 3/3
  1350 | D:2      | Found a faded altar of an unknown god.
  1353 | D:2      | Got Plato's Handbook of Unholy Rituals
  1621 | D:3      | Found a glowing silver altar of Zin.
  1621 | D:3      | Found an ancient bone altar of Kikubaaqudgha.
  1848 | D:3      | Killed from afar by an orc wizard

Illustrated notes

Levels and vault maps discovered:
D:1:      psy_arrival_fountain, layout_basic
D:2:      layout_loops_ring, shapermc_ecumenical_altar_rom_forum,
          serial_bayou_pond_c
D:3:      layout_basic, lemuel_coloured_pillars_altar,
          mainiacjoe_overflow_six_doors_small, jmf_multi_god_temple,
          gup_sewer_entry_bowl, uniq_ijyb

Skill      XL: |  1  2 |
---------------+-------+-----
Axes           | 3 |  3.5
Fighting       | 4 |  4.2
Armour         | |  3.7
Shields        | |  3.9

Action                   || total
-------------------------++-------
Melee: War axe           ||   137
  Use: Scroll            ||     6
Armor: Scale mail        ||    58
Dodge: Dodged            ||    46
Block: Kite shield       ||    86
